 Dungeon Crawl Stone Soup version 0.24-a0-282-g1a68c91 (webtiles) character file.

Game seed: 10617215067033425296

115 emperorscorpion the Skirmisher (level 5, -7/46 HPs)
             Began as a Ghoul Fighter on May 3, 2019.
             Was an Initiate of Okawaru.
             Mangled by an ogre
             ... wielding a +0 giant club
              (17 damage)
             ... on level 5 of the Dungeon.
             The game lasted 00:02:36 (685 turns).

emperorscorpion the Skirmisher (Ghoul Fighter)       Turns: 685, Time: 00:02:36

Health: -7/46      AC:  9    Str: 21    XL:     5   Next: 0%
Magic:  4/4        EV:  5    Int:  3    God:    Okawaru [......]
Gold:   40         SH:  9    Dex:  8    Spells: 4/4 levels left

rFire    . . .     SeeInvis .     - Unarmed
rCold    + . .     Gourm    .   b - +0 shield
rNeg     + + +     Faith    .   g - +0 chain mail
rPois    ∞         Spirit   .   (no helmet)
rElec    .         Reflect  .   (no cloak)
rCorr    .         Harm     .   (no gloves)
MR       .....                  (no boots)
Stlth    ..........             (no amulet)
HPRegen  0.00/turn              (no ring)
MPRegen  0.09/turn              (no ring)

@: rotting
A: rotting body, claws 1, carnivore, cold resistance 1, negative energy
resistance 3, inhibited regeneration, torment resistance, unbreathing
a: Renounce Religion


You were on level 5 of the Dungeon.
You worshipped Okawaru.
Okawaru was noncommittal.
You were not hungry.

You visited 1 branch of the dungeon, and saw 5 of its levels.

You collected 40 gold pieces.

Inventory:

Armour
 a - a +0 scale mail
 b - a +0 shield (worn)
 g - a +0 chain mail (worn)
Wands
 e - a wand of paralysis (10)
Scrolls
 i - a scroll of immolation {unknown}
 j - a scroll of identify {unknown}
 m - a scroll of blinking {unknown}
Potions
 c - a potion of might
 h - a potion of lignification {unknown}
 k - a potion of magic {unknown}
 l - 2 potions of heal wounds {unknown}
Comestibles
 d - 3 rations
 f - 4 chunks of flesh


   Skills:
 + Level 3.9 Fighting
 + Level 3.3 Armour
 + Level 0.2 Dodging
 + Level 3.3 Shields
 + Level 3.5 Unarmed Combat


You had 4 spell levels left.
You didn't know any spells.
Your spell library was empty.

Dungeon Overview and Level Annotations

Branches:
Dungeon (5/15)
 Temple: D:4-7

Altars:
Dithmenos
Okawaru


Innate Abilities, Weirdness & Mutations

Your body is rotting away.
You thrive on raw meat.
You are immune to poison.
You have sharp fingernails.
You are carnivorous and can eat meat at any time.
Your flesh is cold resistant. (rC+)
You are immune to negative energy. (rN+++)
You do not regenerate when monsters are visible.
You are immune to unholy pain and torment.
You can survive without breathing.


Message History

The ogre is lightly wounded.
The ogre hits you with a +0 giant club!!
Ouch! That really hurt!
Your shield and chain mail prevent you from hitting the ogre.
The ogre is lightly wounded.
You block the ogre's attack.
You scratch the ogre.
The ogre is moderately wounded.
The ogre hits you with a +0 giant club.
* * * LOW HITPOINT WARNING * * *
You scratch the ogre but do no damage.
The ogre is moderately wounded.
You claw the ogre!
The ogre is heavily wounded.
The ogre hits you with a +0 giant club.
* * * LOW HITPOINT WARNING * * *
You scratch the ogre.
The ogre is severely wounded.
The ogre hits you with a +0 giant club!
You die...

....... ....... .......
####### ....... #.....#
....... #.....# .......
#.....#
.......#+###.....#
.....)O@.........#
.................#
.................#
......)..........#####+#
.......#########........
....... #.......^
....... #........
....... #........
#.÷..####


You could see an ogre.

Vanquished Creatures
  A phantom (D:5)
  2 orcs
  4 goblins
  5 hobgoblins
  3 jackals (D:4)
  2 bats
  A frilled lizard (D:3)
  A kobold (D:2)
  A rat (D:2)
20 creatures vanquished.

Notes
Turn   | Place    | Note
-------+----------+-------------------------------------------
     0 | D:1      | emperorscorpion the Ghoul Fighter began the quest for the
                  | Orb.
     0 | D:1      | Reached XP level 1. HP: 19/19 MP: 0/0
    85 | D:2      | Found an iron altar of Okawaru.
    98 | D:2      | Became a worshipper of Warmaster Okawaru
   181 | D:3      | Reached XP level 2. HP: 26/26 MP: 1/1
   552 | D:4      | Found a shadowy altar of Dithmenos.
   596 | D:5      | Entered Level 5 of the Dungeon
   602 | D:5      | Reached XP level 3. HP: 33/33 MP: 2/2
   606 | D:5      | Noticed a phantom
   669 | D:5      | Killed a phantom
   669 | D:5      | Reached XP level 4. HP: 32/40 MP: 3/3
   669 | D:5      | Reached XP level 5. HP: 37/46 MP: 4/4
   676 | D:5      | Noticed an ogre
   685 | D:5      | Mangled by an ogre

Levels and vault maps discovered:
D:1:      lemuel_arrival_hallway, layout_loops_ring, minmay_cupped
D:2:      layout_loops_ring, nicolae_overflow_crystal_walls
D:3:      layout_basic, lemuel_doored_altar
D:4:      layout_basic, nicolae_dithmenos_shadow_blocks
D:5:      layout_gridville, overflow_temple_1_default, first_ration,
          fedhas_altar_1, uniq_grinder

Skill      XL: |  1  2  3 |
---------------+----------+-----
Armour         | 3 |  3.3
Shields        | 3 |  3.3
Unarmed Combat | 3 |  3.5
Fighting       | |  3.9
Dodging        | |  0.2

Action                   |  1- 3 |  4- 6 || total
-------------------------+-------+-------++-------
Melee: Unarmed           |    98 |     6 ||   104
  Eat: Chunk             |    12 |     2 ||    14
Armor: Scale mail        |    10 |       ||    10
       Chain mail        |    38 |       ||    38
Dodge: Dodged            |    21 |       ||    21
Block: Shield            |    38 |     1 ||    39

Table legend:
 A = Non-vault XP
 B = Vault XP
 C = Vault XP percentage of total XP
 D = Non-vault monster count
 E = Vault monster count
 F = Vault count percentage of total count
                 A         B        C        D         E       F
            +---------+---------+-------+---------+---------+-------
      Total |     165 |       0 |   0.0 |      20 |       0 |   0.0
            +---------+---------+-------+---------+---------+-------
        D:2 |       9 |       0 |   0.0 |       6 |       0 |   0.0
        D:3 |      18 |       0 |   0.0 |       9 |       0 |   0.0
        D:4 |       6 |       0 |   0.0 |       3 |       0 |   0.0
        D:5 |     132 |       0 |   0.0 |       2 |       0 |   0.0
            +---------+---------+-------+---------+---------+-------
